 Dungeon Crawl Stone Soup version 0.31-a0-544-gceb718ecc6 (webtiles) character file.

Game seed: 4939197664299197120

2734 heikuro the Blocker (level 9, -9/54 (72) HPs)
             Began as a Formicid Fighter on Aug 15, 2023.
             Was a Follower of Wu Jian.
             Killed by divine providence
             ... invoked by Jeremiah
              (12 damage)
             ... on level 7 of the Dungeon.
             The game lasted 00:17:30 (6574 turns).

heikuro the Blocker (Formicid Fighter)              Turns: 6574, Time: 00:17:30

HP:   -9/54 (72)    AC: 11    Str: 31    XL:     9   Next: 99%
MP:   9/9           EV: 15    Int:  8    God:    Wu Jian [*.....]
Gold: 372           SH:  6    Dex: 13    Spells: 8/8 levels left

rFire   . . .        a - +0 war axe
rCold   . . .        c - +0 buckler
rNeg    . . .        v - +0 scale mail
rPois   .            (helmet unavailable)
rElec   .            l - +0 cloak
rCorr   .            r - +0 pair of gloves
SInv    +            A - +0 pair of boots
Will    .....        (no amulet) Stlth
                     p - +6 ring of strength
HPRegen 0.29/turn    G - +5 ring of evasion
MPRegen 0.11/turn

%: no passive effects
@: very heavily drained
A: permanent stasis, dig shafts and tunnels, antennae 3, four strong arms
a: Dig, Shaft Self, Renounce Religion


You were on level 7 of the Dungeon.
You worshipped Wu Jian.
Wu Jian was aware of your devotion.
You visited 2 branches of the dungeon, and saw 8 of its levels.

You collected 372 gold pieces.

Inventory:

Hand Weapons
 a - a +0 war axe (weapon)
 b - a +2 dagger of draining
Missiles
 h - 4 silver javelins
 i - 10 poisoned darts
Armour
 c - a +0 buckler (worn)
 l - a +0 cloak (worn)
 r - a +0 pair of gloves (worn)
 v - a +0 scale mail (worn)
 A - a +0 pair of boots (worn)
Jewellery
 p - a +6 ring of strength (left hand)
 t - a ring of poison resistance
 G - a +5 ring of evasion (right hand)
Wands
 q - a wand of flame (18)
 y - a wand of mindburst (15)
Scrolls
 e - 2 scrolls of noise {unknown}
 g - a scroll of teleportation {unknown}
 m - 2 scrolls of poison {unknown}
 s - 4 scrolls of amnesia
 w - a scroll of fog {unknown}
 x - a scroll of vulnerability {unknown}
 z - 2 scrolls of enchant weapon {unknown}
 B - 2 scrolls of immolation {unknown}
 D - a scroll of brand weapon {unknown}
 E - a scroll of enchant armour {unknown}
Potions
 d - a potion of might
 f - 4 potions of brilliance
 k - 9 potions of curing
 n - 2 potions of resistance
 o - a potion of mutation
 u - a potion of heal wounds
 C - 2 potions of lignification
 F - a potion of attraction {unknown}
 H - a potion of invisibility {unknown}


   Skills:
 + Level 7.1 Fighting
 * Level 8.4 Axes
 + Level 7.1 Armour
 + Level 8.6 Shields


You had 8 spell levels left.
You didn't know any spells.
Your spell library contained the following spells:

 Spells                   Type           Power      Damage    Failure   Level
 Kiss of Death            Conj/Necr      0%         2d5       67%         1
 Confusing Touch          Hex            0%         N/A       95%         3
 Dispel Undead            Necr           0%         3d6       100%        4
 Summon Forest            Summ/Tloc      0%         N/A       100%        5
 Eringya's Noxious Bog    Tmut/Pois      0%         4d6       100%        6
 Summon Hydra             Summ           0%         N/A       100%        7


Dungeon Overview and Level Annotations

Branches:
Dungeon (7/15)             Temple (1/1) D:5

Altars:
Ashenzari
Cheibriados
Dithmenos
Elyvilon
Gozag
Hepliaklqana
Nemelex Xobeh
Okawaru
Sif Muna
Uskayaw
Vehumet
Wu Jian
Xom
Yredelemnul
Zin
The Shining One

Shops:
D:5 :

Annotations:
D:7 Jeremiah


Innate Abilities, Weirdness & Mutations

You cannot be hasted, slowed, berserked, paralysed or teleported.
You can dig through walls and to a lower floor.
You have a pair of large antennae on your head. (SInv)
Your four strong arms can wield two-handed weapons with a shield.


Message History

Jeremiah is heavily wounded.
Jeremiah hits you with a +4 glaive of draining.
You feel drained.
You miss Jeremiah.
Jeremiah is heavily wounded.
Jeremiah hits you with a +4 glaive of draining!
You feel drained.
Jeremiah hits you with a +4 glaive of draining!
You feel drained.
You are too injured to fight recklessly!
You are too injured to fight recklessly!
You sense an unholy aura.
b - a +2 dagger of draining (weapon)
You closely miss Jeremiah.
Jeremiah is heavily wounded.
Jeremiah hits you but does no damage.
You feel drained.
Unknown command.
You hit Jeremiah. You drain Jeremiah.
Jeremiah is heavily wounded.
Jeremiah lets out a twisted cry.
Something smites you!
* * * LOW HITPOINT WARNING * * *
Unknown command.
a - a +0 war axe (weapon)
Jeremiah closely misses you.
You slash Jeremiah!
Jeremiah is heavily wounded.
Jeremiah throws their arms up pleadingly.
Something smites you!
* * * LOW HITPOINT WARNING * * *
Unknown command.
You closely miss Jeremiah.
Jeremiah is heavily wounded.
Jeremiah closely misses you.
Unknown command.
You closely miss Jeremiah.
Jeremiah is heavily wounded.
Jeremiah lets out a twisted cry.
Something smites you!
You die...

#.#.##.#.## #.# # ##.
#.#{...####.### #.##
##........#....
######..###.##...#....###
##...##.#.#.#{{.....#..#
#
##.###.#.##.#{###.##....#
# #######.## ##..####.#
#.###.#.# ........#
#..##F#{# #.# #.#.#
#######.## ##..#@#{.# #.#
#.#.. ##.###...####{# #.#
#.#### ##...#<## #{# #.#
#.# ##.##.# #{###.###.#
#.##.#####.##....#.#
#........{.....#.#.# #
####.#####.##.##.#.## .#
#.# #.##.##.#..# .# #.#
..##.##.##.#


You could see Jeremiah (drained).

Vanquished Creatures
  Pikel (D:5)
  Prince Ribbit (D:5)
  Eustachio (D:4)
  A water moccasin (D:6)
  Duvessa (D:4)
  4 ice beasts (D:6)
  A black bear (D:5)
  An ogre (D:5)
  A centaur (D:5)
  4 lemures (D:5)
  A phantom (D:7)
  2 bullfrogs
  4 wights
  Dowan (D:4)
  2 howler monkeys (D:7)
  4 hounds (D:6)
  2 orc priests (D:5)
  Jessica (D:3)
  An iguana (D:6)
  An orc wizard (D:5)
  Natasha (thrice) (D:2)
  Robin (D:2)
  5 adders
  3 shadow imps (D:6)
  A white imp (D:6)
  A worm (D:2)
  6 dart slugs
  17 orcs
  8 bats
  7 endoplasms
  3 giant cockroaches
  13 hobgoblins
  13 jackals
  A quokka (D:1)
  6 ball pythons
  3 frilled lizards
  14 goblins
  12 kobolds
  2 rats
154 creatures vanquished.

Notes
Turn   | Place    | Note
-------+----------+-------------------------------------------
     0 | D:1      | heikuro the Formicid Fighter began the quest for the Orb.
     0 | D:1      | Reached XP level 1. HP: 18/18 MP: 1/1
    83 | D:1      | Reached XP level 2. HP: 21/24 MP: 2/2
   257 | D:1      | Reached XP level 3. HP: 28/29 MP: 3/3
   594 | D:2      | Reached XP level 4. HP: 37/37 MP: 4/4
   809 | D:2      | Noticed Robin
   825 | D:2      | Killed Robin
   902 | D:2      | Noticed Natasha
   913 | D:2      | Killed Natasha
   914 | D:2      | Reached XP level 5. HP: 33/42 MP: 5/5
  1048 | D:2      | Noticed Natasha
  1053 | D:2      | Killed Natasha
  1054 | D:2      | Reached skill level 5 in Shields
  1443 | D:2      | Noticed Natasha
  1451 | D:2      | Killed Natasha
  1658 | D:3      | Reached XP level 6. HP: 48/48 MP: 6/6
  1739 | D:3      | Noticed Jessica
  1746 | D:3      | Killed Jessica
  2148 | D:3      | Found an ornate altar of the Wu Jian Council.
  2156 | D:3      | Became a worshipper of the Wu Jian Council
  2679 | D:4      | Noticed Duvessa
  2681 | D:4      | Noticed Eustachio
  2682 | D:4      | Noticed Dowan
  2716 | D:4      | Killed Duvessa
  2794 | D:5      | Entered Level 5 of the Dungeon
  2894 | D:5      | Noticed an ogre
  2907 | D:5      | Killed an ogre
  2908 | D:5      | Reached XP level 7. HP: 13/55 MP: 7/7
  2916 | D:5      | Reached skill level 5 in Axes
  3099 | D:5      | Found a staircase to the Ecumenical Temple.
  3287 | Temple   | Entered the Ecumenical Temple
  3315 | D:5      | Noticed Prince Ribbit
  3356 | D:5      | Killed Prince Ribbit
  3357 | D:5      | Reached skill level 5 in Fighting
  3357 | D:5      | Reached skill level 5 in Armour
  3357 | D:5      | Reached XP level 8. HP: 53/62 MP: 8/8
  3594 | D:5      | Found Paumonor's Self-Improvement Boutique.
  3666 | D:5      | You fall into a shaft and drop 2 floors!
  4120 | D:5      | Noticed Pikel
  4140 | D:5      | Killed Pikel
  4141 | D:5      | Reached XP level 9. HP: 33/69 MP: 9/9
  4335 | D:4      | Killed Eustachio
  4338 | D:4      | Killed Dowan
  4914 | D:6      | Reached * piety under Wu Jian
  6239 | D:6      | Found a shadowy altar of Dithmenos.
  6295 | D:7      | Noticed Jeremiah
  6572 | D:7      | HP: 2/54 [Jeremiah/divine providence (11)]
  6574 | D:7      | Killed from afar by Jeremiah

Illustrated notes

Levels and vault maps discovered:
D:1:      lemuel_arrival_hallway, layout_basic
D:2:      layout_loops_ring, grunt_decor_clamped, st_stairs_4, uniq_robin,
          uniq_natasha
D:3:      layout_basic, mainiacjoe_overflow_24_doors, dk_noncrumbling_3,
          uniq_jessica
D:4:      layout_basic, due_unseen_surprise, uniq_duvessa, uniq_eustachio
D:5:      layout_basic, minmay_temple_entry_proselytizer,
          minmay_misc_feat_pillars, nicolae_shop_self_help, uniq_pikel,
          uniq_prince_ribbit1
D:6:      layout_basic, grunt_dithmenos_shadows, hangedman_decor_diamond_cutter,
          nicolae_elevator_lobby_plus
D:7:      layout_loops_ring, corexii_hall_statues_u, uniq_menkaure,
          uniq_jeremiah
Temple:   nicolae_temple_great_sept

Skill      XL: |  1  2  3  4  5  6  7  8  9 |
---------------+----------------------------+-----
Axes           | 3 4 5 7 8 |  8.4
Fighting       | 4 5 6 7 |  7.1
Armour         | 4 5 6 7 |  7.1
Shields        | 5 6 7 8 |  8.6

Action                     |  1- 3 |  4- 6 |  7- 9 || total
---------------------------+-------+-------+-------++-------
  Melee: War axe           |    96 |   114 |   256 ||   466
         Staff             |       |    22 |       ||    22
         Dagger            |       |    77 |    76 ||   153
Ability: Dig               |       |     1 |     1 ||     2
         Lunge             |       |       |    13 ||    13
         Shaft Self        |       |       |     1 ||     1
         Whirlwind         |       |       |    45 ||    45
    Use: Scroll            |       |     5 |     4 ||     9
         Potion            |       |       |     1 ||     1
 Armour: Scale mail        |    49 |   123 |   119 ||   291
  Dodge: Dodged            |    48 |   108 |   217 ||   373
  Block: Buckler           |    33 |    51 |    95 ||   179

Table legend: (Time is in decaauts)
 A = Elapsed time spent in this place.
 B = Non-inter-level travel time spent in this place.
 C = Inter-level travel time spent in this place.
 D = Time resting spent in this place.
 E = Time spent auto-exploring this place.
 F = Levels seen in this place.
 G = Mean time per level.
                   A        B        C        D        E       F      G
               +--------+--------+--------+--------+--------+-----+--------+
         Total |   6679 |   6403 |    276 |    650 |   3716 |   8 |  834.9 |
       Dungeon |   6677 |   6401 |    276 |    650 |   3716 |   7 |  953.9 |
        Temple |      1 |      1 |      0 |      0 |      0 |   1 |    1.0 |
               +--------+--------+--------+--------+--------+-----+--------+

Top non-repeatable levels by time:
     D:6: 1502 daAuts
     D:5: 1397 daAuts
     D:2: 1064 daAuts
     D:3: 741 daAuts
     D:4: 696 daAuts
     D:1: 650 daAuts
     D:7: 624 daAuts
  Temple: 1 daAuts
